Map: Chain of Ascension

Players

NamroodTuo

  • Race: Zerg Zerg

Horatius

  • Race: Zerg Zerg
  • Spawn Location: 11:00

VOD

Have the link to the VOD?

Description

Time

  • Played on: May 19, 2023, 2:46 p.m.
  • Length: 28:30
Show
View Real Time Build Order
Export as new Build Order

NamroodTuo Zerg 

Build Orders:  

Get SALT Encoding   

  12  0:04  Infested SCV  
  13  0:27  Infested Barracks  
  13  0:31  Infested SCV  
  13  0:37  Infested SCV  
  15  0:49  Overlord  
  15  1:18  Infested SCV  
  16  1:27  Infested SCV  
  16  1:29  Infestation Level 1  
  17  1:33  Infested SCV  
  18  1:42  Infested SCV  
  19  1:51  Infested SCV  
  19  1:53  Infested Refinery  
  19  1:56  Overlord  
  20  2:09  Infested SCV  
  21  2:28  Infested Refinery  
  21  2:31  Infested SCV  
  22  2:44  Infested SCV  
  23  2:57  Infested SCV  
  24  3:13  Infested SCV  
  25  3:29  Anaerobic Enhancement  
  25  3:35  Infested Bunker  
  29  3:46  Infested Barracks Tech Lab  
  29  3:48  Infested SCV x2  
  31  4:38  Overlord x3  
  31  4:50  Unknown  
  31  5:43  Infested Marine  
  31  5:44  Infested Marine x9  
  31  5:45  Infested Marine  
  31  5:49  Overlord  
  42  5:50  Infested SCV x2  
  42  5:51  Infested SCV  
  45  6:02  Infested Engineering Bay  
  45  6:08  Infested Factory, Retinal Augmentation  
  45  6:56  Stukov Infantry Weapons Level 1  
  45  7:05  Infestation Level 2  
  45  7:09  Infested Armory  
  49  7:27  Infested Bunker  
  48  7:33  Plagued Munitions  
  38  7:51  Infested Marine x5  
  38  7:52  Infested Marine x15  
  52  8:16  Infested Marine  
  52  8:17  Infested Marine x4  
  55  9:00  Infested Missile Turret  
  55  9:03  Infested Bunker  
  55  9:05  Broodling Gestation  
  55  9:34  Stukov Vehicle and Ship Armor Level 1  
  55  9:36  Stukov Infantry Armor Level 1  
  42  9:50  Infested Missile Turret  
  37  10:29  Infested Marine  
  38  10:30  Infested Marine x10  
  38  10:31  Infested Marine x9  
  57  10:58  Infested Bunker  
  61  11:12  Infestation Level 3  
  57  11:54  Infested SCV x4  
  57  11:55  Aggressive Incubation  
  61  12:14  Stukov Vehicle and Ship Weapons Level 1  
  61  12:16  Regenerative Plating  
  61  12:21  Overlord x2  
  61  12:26  Overlord  
  41  12:32  Infested Colonist Compound  
  45  12:41  Infested Bunker  
  45  13:16  Calcified Armor  
  45  13:32  Infested Marine  
  45  13:33  Infested Marine x16  
  45  13:34  Infested Marine x3  
  65  13:56  Infested Command Center  
  65  14:15  Stukov Infantry Weapons Level 2  
  65  14:30  Overseer x4  
  65  14:53  Stukov Vehicle and Ship Armor Level 2  
  65  14:59  Infested Bunker  
  69  15:04  Infested Missile Turret  
  49  15:37  Infested SCV x3  
  52  16:01  Infested Marine  
  52  16:02  Infested Marine x16  
  73  16:12  Infested Bunker  
  73  16:27  Infested Barracks  
  73  16:35  Infested SCV  
  73  16:36  Infested SCV x2  
  73  16:37  Infested Refinery  
  64  17:01  Infested Missile Turret  
  64  17:19  Infested Marine  
  63  17:20  Infested Marine x4  
  63  17:25  Stukov Infantry Armor Level 2  
  65  17:34  Infested Marine  
  65  17:35  Infested Marine x17  
  82  17:45  Infested Bunker  
  86  17:58  Overlord  
  86  18:01  Overlord  
  86  18:03  Stukov Vehicle and Ship Weapons Level 2  
  86  18:28  Infested Marine  
  86  18:29  Infested Marine x8  
  95  18:30  Infested Marine x13  
  95  18:31  Infested Marine  
  95  18:33  Infested Missile Turret  
  63  19:07  Infested Factory Tech Lab  
  63  19:09  Infested SCV  
  64  19:15  Infested Factory  
  64  19:29  Infested Marine  
  65  19:30  Infested Marine x19  
  65  19:31  Infested Marine x4  
  88  20:01  Infested Marine x4  
  88  20:02  Infested Marine x8  
  88  20:06  Infested SCV x4  
  88  20:07  Infested SCV  
  104  20:35  Stukov Infantry Weapons Level 3  
  99  20:55  Infested Marine  
  99  20:56  Infested Marine x9  
  99  20:57  Infested Marine x12  
  117  21:11  Infested Marine  
  117  21:13  Stukov Vehicle and Ship Armor Level 3  
  117  21:16  Overlord x3  
  117  21:17  Overlord x2  
  83  21:58  Infested Factory Tech Lab  
  83  21:59  Saturated Cultures  
  83  22:13  Overlord  
  83  22:14  Overlord x2  
  83  22:47  Automated Mitosis  
  83  22:59  Caustic Mucus  
  78  23:02  Infested Bunker  
  78  23:09  Infested Bunker  
  85  23:12  Infested Diamondback  
  85  23:13  Infested Diamondback  
  85  23:16  Infested Diamondback  
  94  23:23  Infested Bunker  
  94  23:42  Infested Marine  
  94  23:43  Infested Marine x7  
  94  23:44  Infested Marine x17  
  94  23:45  Infested Marine x13  
  94  23:47  Acidic Enzymes  
  132  23:57  Infested Bunker  
  114  25:29  Infested Marine  
  115  25:30  Infested Marine x10  
  115  25:31  Infested Marine x15  
  115  25:32  Infested Marine x14  
  134  25:54  Infested Diamondback  
  134  25:55  Infested Diamondback x7  
  147  26:16  Overlord x4  
  147  26:17  Overlord  
  145  26:26  Infested Marine  
  145  26:27  Infested Marine x16  
  145  26:28  Infested Marine x4  
  161  27:15  Infested Marine  
  161  27:16  Infested Marine x16  
  161  27:17  Infested Marine x4  
  160  27:43  Infested Diamondback x2  
  160  27:44  Infested Diamondback x3  
Show
View Real Time Build Order
Export as new Build Order

Horatius Zerg 

Build Orders:  

Get SALT Encoding   

  12  0:13  Overlord  
  12  0:20  Drone  
  12  0:25  Drone  
  14  1:01  Drone x2  
  14  1:02  Drone  
  14  1:03  Drone x2  
  14  1:05  Drone  
  20  1:13  Drone  
  21  1:43  Extractor  
  21  1:46  Extractor  
  21  1:49  Drone x2  
  21  1:50  Drone  
  21  1:52  Overlord  
  22  2:30  Drone x4  
  22  2:31  Drone  
  27  2:41  Roach Warren  
  27  2:49  Evolution Chamber  
  25  2:55  Evolution Chamber  
  24  3:14  Lair  
  24  3:42  Roach  
  24  3:45  Drone  
  24  3:47  Overlord  
  24  3:48  Drone x2  
  29  3:52  Zerg Missile Weapons Level 1  
  29  3:55  Zerg Ground Armor Level 1  
  27  5:15  Drone x2  
  29  6:02  Roach  
  29  6:17  Glial Reconstitution  
  29  6:24  Zerg Missile Weapons Level 2, Brutalisk  
  29  6:29  Zerg Ground Armor Level 2  
  29  7:28  Infestation Pit  
  28  7:34  Tunneling Claws  
  28  7:38  Drone  
  29  7:40  Roach x3  
  29  7:41  Roach  
  29  7:43  Overlord x4  
  37  8:51  Hydriodic Bile  
  37  9:56  Hive  
  37  10:35  Roach  
  37  10:36  Roach  
  37  10:57  Brutalisk  
  37  10:58  Brutalisk  
  37  12:25  Zerg Missile Weapons Level 3  
  37  12:28  Zerg Ground Armor Level 3  
  37  12:44  Spire  
  36  12:51  Pressurized Glands  
  36  12:54  Spire  
  35  13:25  Roach  
  35  13:47  Brutalisk  
  35  13:56  Roach  
  35  13:59  Hatchery  
  34  14:18  Brutalisk  
  34  15:12  Drone x2  
  34  15:13  Drone  
  34  15:16  Zerg Flyer Weapons Level 1  
  34  15:17  Zerg Flyer Armor Level 1  
  37  15:24  Adaptive Plating  
  37  15:30  Drone x4  
  37  15:31  Drone x2  
  43  16:02  Extractor  
  43  16:06  Extractor, Drone  
  43  16:07  Drone x3  
  45  16:56  Overlord  
  45  16:57  Overlord x5  
  45  16:58  Overlord x3  
  45  17:01  Overseer  
  45  17:10  Zerg Flyer Weapons Level 2  
  45  17:14  Zerg Flyer Armor Level 2  
  45  18:03  Unknown  
  45  18:57  Overseer  
  45  19:03  Mutalisk x4  
  45  19:04  Mutalisk x5  
  63  20:32  Mutalisk  
  63  20:39  Mutalisk  
  63  21:00  Leviathan  
  63  21:07  Leviathan  
  63  21:42  Mutalisk x2  
  63  22:10  Leviathan x2  
  63  22:34  Zerg Flyer Weapons Level 3  
  63  22:35  Zerg Flyer Armor Level 3  
  63  23:14  Mutalisk  
  63  23:15  Mutalisk  
  63  23:21  Mutalisk  
  63  23:42  Leviathan  
  63  23:43  Leviathan  
  63  23:46  Overlord  
  63  23:47  Overlord x4  
  63  23:48  Overlord x4, Mutalisk  
  63  23:49  Leviathan  
  63  23:52  Mutalisk  
  63  23:54  Drone x2  
  63  23:55  Drone x5  
  63  23:56  Drone x2  
  72  24:16  Leviathan  
  72  24:20  Leviathan  
  72  25:08  Rapid Regeneration  
  72  25:09  Sundering Glave  
  72  25:50  Vicious Glave  
Tags
 
Add a new tag
Caveats
  • Supply blocks, unpowered buildings, or Contaminate may cause inaccurate times.
  • Supply counts are checked every 10 seconds.